Map: Terraform LE (Void)

Players

Beastyqt

  • Race: Terran Terran
  • League: Diamond

NightEnD - Winner!

  • Race: Protoss Protoss
  • League: Master

Event: ASL Season 5 Prime League LOTV Beta

VOD

Have the link to the VOD?

Description

Time

  • Played on: Sept. 22, 2015, 6:50 p.m.
  • Length: 14:46

All games in this series

Show
View Real Time Build Order
Export as new Build Order

Beastyqt Terran 

Build Orders: Command Center First (CC), MMM Bio 

Get SALT Encoding   

  12  0:01  SCV  
  13  0:13  SCV  
  14  0:18  Supply Depot  
  14  0:25  SCV  
  15  0:39  SCV  
  16  0:51  SCV  
  17  1:00  Command Center  
  17  1:04  SCV  
  18  1:15  Barracks  
  18  1:16  SCV  
  19  1:28  Barracks  
  19  1:31  SCV  
  20  1:43  SCV  
  21  1:48  Barracks  
  21  1:55  SCV  
  22  2:06  Marine  
  22  2:08  Orbital Command  
  23  2:13  Orbital Command  
  23  2:16  Marine  
  24  2:25  Marine  
  25  2:32  Refinery x2  
  25  2:34  Marine  
  25  2:35  SCV  
  27  2:37  Marine  
  27  2:38  SCV  
  29  2:45  Bunker  
  29  2:47  SCV  
  29  2:48  Marine  
  31  2:51  Marine  
  31  2:54  SCV  
  31  2:55  Marine  
  34  2:59  SCV  
  34  3:04  Supply Depot  
  35  3:07  SCV  
  35  3:08  Barracks Tech Lab  
  35  3:11  SCV  
  37  3:16  Supply Depot  
  37  3:18  Barracks Reactor  
  37  3:19  SCV  
  38  3:26  SCV  
  39  3:27  Barracks Tech Lab  
  39  3:28  Engineering Bay  
  39  3:30  Marine  
  39  3:31  SCV  
  41  3:35  Stimpack  
  41  3:38  SCV  
  42  3:43  SCV  
  42  3:47  Marine  
  44  3:48  Bunker  
  44  3:49  Supply Depot  
  44  3:50  SCV  
  44  3:55  SCV  
  46  3:56  Marine  
  46  3:57  Marine  
  46  4:00  Missile Turret  
  46  4:02  SCV  
  49  4:03  Ghost Academy  
  49  4:04  Combat Shields  
  49  4:05  Marine x2  
  49  4:07  SCV  
  52  4:14  SCV  
  52  4:16  Missile Turret  
  53  4:19  SCV, Marine x2  
  53  4:23  Marine x2  
  58  4:26  SCV  
  58  4:28  Missile Turret  
  59  4:35  Supply Depot x2, SCV  
  59  4:37  Missile Turret  
  60  4:38  Missile Turret  
  60  4:40  SCV  
  60  4:44  Ghost  
  61  4:56  Ghost  
  63  5:00  Missile Turret, Marine x2  
  63  5:03  SCV  
  66  5:07  Supply Depot, Refinery  
  66  5:08  Refinery  
  66  5:10  Terran Infantry Weapons Level 1  
  66  5:13  SCV  
  66  5:22  Ghost  
  66  5:28  SCV x2  
  69  5:38  Ghost  
  69  5:39  Command Center  
  69  5:42  SCV  
  72  5:44  Supply Depot  
  72  5:53  Factory  
  72  5:56  SCV, Marine x3  
  76  5:59  SCV  
  76  6:10  Supply Depot  
  76  6:11  Barracks  
  76  6:12  Barracks  
  76  6:19  Marauder x2, Marine  
  76  6:22  SCV  
  82  6:26  SCV, Concussive Shells  
  82  6:29  Supply Depot  
  83  6:38  SCV, Factory Reactor  
  83  6:39  Starport  
  84  6:44  SCV  
  84  6:46  Marauder, Marine x2  
  89  6:53  Supply Depot  
  88  6:57  SCV  
  88  7:00  Barracks Tech Lab  
  89  7:05  Terran Infantry Armor Level 1, Barracks Reactor  
  89  7:06  SCV, Orbital Command  
  90  7:11  SCV  
  90  7:15  Marauder, Marine  
  84  7:16  Marine x2  
  84  7:18  SCV  
  84  7:20  Supply Depot  
  84  7:23  SCV  
  85  7:33  Medivac  
  85  7:34  Medivac  
  85  7:36  SCV x2  
  91  7:41  Bunker, Orbital Command  
  91  7:42  Supply Depot, Marauder  
  93  7:45  Marauder  
  93  7:46  Marine  
  93  7:47  Marine  
  97  7:53  Marauder, Marine x2  
  99  8:03  SCV, Marauder  
  99  8:04  Marine  
  103  8:06  Medivac  
  103  8:07  SCV  
  103  8:08  SCV  
  105  8:13  Supply Depot  
  105  8:14  Missile Turret  
  105  8:19  SCV  
  106  8:25  SCV  
  107  8:29  Marine x2, Marauder x2  
  107  8:30  SCV  
  107  8:32  Marine  
  110  8:34  Marine x2  
  110  8:38  SCV  
  112  8:42  Supply Depot  
  112  8:43  SCV, Supply Depot  
  112  8:47  Marine x2  
  115  8:48  Factory Tech Lab  
  115  8:49  Factory Reactor  
  115  8:50  Medivac x2  
  115  8:51  Starport  
  115  8:52  Armory  
  115  8:53  Engineering Bay  
  115  8:55  Marauder, Marine x2  
  122  8:56  Marine  
  122  8:58  Marine  
  125  9:05  Marine x2  
  127  9:10  Refinery  
  127  9:12  Refinery  
  127  9:13  Marine x2  
  129  9:20  Command Center  
  129  9:25  Factory  
  129  9:27  SCV  
  124  9:31  Marine  
  124  9:32  Marauder x3  
  124  9:37  Marine  
  124  9:38  Marine  
  131  9:41  SCV x2  
  131  9:44  Starport Tech Lab  
  123  9:47  SCV  
  123  9:49  Marine x2  
  124  9:53  Marauder x2  
  124  9:59  Liberator x2  
  118  10:01  SCV x2  
  118  10:04  Liberator  
  126  10:22  Marauder, Marine x3  
  126  10:24  Factory Tech Lab  
  133  10:31  Sensor Tower, Terran Infantry Weapons Level 2  
  133  10:34  Terran Infantry Armor Level 2  
  133  10:36  Terran Ship Weapons Level 1  
  133  10:40  Marine x2  
  134  10:43  Marine x2, Liberator x2  
  136  10:55  Command Center  
  136  11:00  Ghost  
  136  11:04  Marine x2  
  142  11:05  Marine x2  
  142  11:09  Liberator, Marine x2  
  147  11:18  Planetary Fortress  
  147  11:21  Marine  
  147  11:22  Marine  
  147  11:23  Marine  
  148  11:25  Marine  
  148  11:27  Marine  
  148  11:28  Liberator x2  
  142  11:35  Unknown  
  148  11:48  SCV  
  147  12:03  Missile Turret  
  147  12:06  Missile Turret  
  147  12:08  Orbital Command  
  147  12:11  Liberator  
  146  12:23  Marine x3  
  146  12:24  Missile Turret x2  
  146  12:27  Liberator  
  151  12:30  Marine  
  151  12:33  Missile Turret  
  152  12:38  Refinery x2  
  152  12:45  Sensor Tower  
  152  12:50  Marine  
  153  12:57  SCV  
  153  12:58  SCV  
  155  13:00  Marine x3  
  155  13:03  Marine  
  155  13:04  Marine  
  160  13:10  SCV x3  
  160  13:11  SCV, Marine  
  164  13:15  Liberator x2  
  164  13:18  Marine  
  159  13:33  Marine x2  
  160  13:39  Marine x3  
  163  13:49  Ghost  
  163  13:50  Marine  
  163  13:51  Marine x2  
  152  13:57  Marine x3  
  141  14:08  Marine  
  141  14:09  Marine x2, Widow Mine  
  142  14:15  Marine x3  
  130  14:36  Command Center  
Show
View Real Time Build Order
Export as new Build Order

NightEnD Protoss - Winner!

Build Orders: Oracle Opening 

Get SALT Encoding   

  12  0:00  Probe (Chrono Boost)  
  13  0:11  Probe (Chrono Boost)  
  14  0:18  Pylon  
  14  0:21  Probe (Chrono Boost)  
  15  0:35  Probe (Chrono Boost)  
  15  0:38  Gateway  
  16  0:42  Assimilator  
  16  0:45  Probe (Chrono Boost)  
  17  0:55  Probe (Chrono Boost)  
  18  1:05  Probe (Chrono Boost)  
  19  1:13  Pylon  
  19  1:15  Probe (Chrono Boost)  
  20  1:25  Probe (Chrono Boost)  
  20  1:28  Cybernetics Core  
  21  1:35  Probe (Chrono Boost)  
  22  1:45  Probe (Chrono Boost)  
  23  1:52  Nexus  
  23  1:57  Assimilator  
  23  2:00  Probe (Chrono Boost)  
  24  2:07  Pylon  
  24  2:12  Mothership Core (Chrono Boost)  
  28  2:30  Probe (Chrono Boost)  
  28  2:33  Stargate  
  28  2:34  Adept (Chrono Boost)  
  29  2:40  Probe (Chrono Boost)  
  29  2:43  Pylon  
  30  2:50  Probe, Warp Gate  
  31  2:59  Adept (Chrono Boost)  
  31  3:02  Probe  
  31  3:03  Probe  
  35  3:12  Probe  
  35  3:15  Probe, Oracle (Chrono Boost)  
  40  3:22  Probe  
  40  3:23  Adept  
  43  3:27  Probe  
  43  3:32  Probe  
  44  3:39  Probe (Chrono Boost)  
  44  3:40  Robotics Facility  
  46  3:43  Probe (Chrono Boost)  
  47  3:50  Probe (Chrono Boost), Adept  
  47  3:54  Probe (Chrono Boost)  
  51  3:59  Pylon  
  51  4:00  Probe (Chrono Boost)  
  52  4:03  Probe (Chrono Boost)  
  52  4:04  Assimilator  
  52  4:05  Assimilator  
  53  4:10  Probe (Chrono Boost)  
  53  4:13  Probe (Chrono Boost)  
  55  4:18  Adept  
  55  4:19  Probe (Chrono Boost)  
  55  4:23  Probe (Chrono Boost), Forge  
  59  4:25  Twilight Council  
  59  4:29  Probe (Chrono Boost)  
  60  4:33  Probe (Chrono Boost)  
  61  4:39  Probe (Chrono Boost), Gateway  
  61  4:40  Observer  
  61  4:43  Probe (Chrono Boost)  
  64  4:45  Gateway  
  64  4:50  Probe (Chrono Boost), Protoss Ground Weapons Level 1 (Chrono Boost)  
  65  4:59  Probe (Chrono Boost)  
  66  5:02  Pylon  
  66  5:09  Adept  
  68  5:25  Pylon  
  68  5:26  Pylon  
  68  5:29  Shield Upgrade  
  68  5:30  Gateway x2, Robotics Bay, Probe x2  
  68  5:32  Gateway  
  70  5:44  Probe  
  70  5:45  Probe  
  72  5:52  Nexus, Adept x2  
  72  5:53  Adept  
  78  5:58  Probe x2  
  80  6:04  Blink  
  80  6:05  Pylon  
  80  6:10  Probe x2  
  82  6:19  Adept x3  
  82  6:22  Probe x2  
  90  6:27  Pylon  
  90  6:32  Colossus  
  90  6:34  Probe x2  
  90  6:36  Protoss Ground Weapons Level 2 (Chrono Boost)  
  98  6:47  Adept x5  
  100  6:53  Adept  
  110  6:59  Extended Thermal Lance  
  92  7:19  Adept x6  
  92  7:29  Colossus  
  96  7:39  Assimilator x2  
  96  7:44  Adept x4  
  96  7:45  Adept x2  
  108  8:09  Adept  
  108  8:10  Adept x5  
  120  8:29  Colossus  
  122  8:37  Pylon  
  122  8:39  Adept, Pylon  
  122  8:40  Adept x3, Pylon  
  124  8:42  Pylon  
  124  8:51  Stargate x2  
  122  9:04  Nexus  
  122  9:06  Pylon  
  122  9:07  Pylon  
  122  9:11  Stalker x2  
  122  9:12  Stalker x4  
  122  9:13  Pylon  
  122  9:14  Pylon  
  134  9:23  Colossus  
  140  9:32  Pylon  
  140  9:45  Adept  
  140  9:46  Stalker x4  
  140  9:47  Stalker  
  140  9:50  Fleet Beacon  
  142  10:04  Gateway  
  142  10:05  Probe  
  142  10:06  Probe  
  144  10:07  Gateway  
  144  10:09  Gateway  
  144  10:11  Gateway, Carrier (Chrono Boost)  
  144  10:13  Carrier (Chrono Boost)  
  144  10:18  Pylon  
  144  10:19  Colossus  
  150  10:21  Adept  
  160  10:50  Adept  
  160  10:52  Adept  
  160  10:54  Adept x3  
  160  10:55  Adept  
  170  11:08  Probe  
  170  11:10  Probe  
  164  11:15  Carrier x2 (Chrono Boost)  
  164  11:17  Adept x5  
  164  11:18  Adept  
  176  11:19  Probe x2  
  176  11:21  Probe  
  176  11:22  Probe  
  180  11:28  Probe  
  180  11:32  Adept  
  195  11:51  Adept x2  
  195  11:52  Adept x2  
  195  12:02  Graviton Catapult, Forge  
  195  12:04  Twilight Council  
  195  12:09  Pylon  
  195  12:11  Pylon, Warp Prism  
  197  12:40  Photon Cannon  
  197  12:42  Photon Cannon  
  197  12:43  Photon Cannon  
  197  12:44  Photon Cannon  
  191  13:24  Adept x5  
  195  14:04  Stalker  
  195  14:06  Stalker x4  
  195  14:07  Stalker x3  
  181  14:33  Stalker x6  
  181  14:34  Stalker x4  
  181  14:36  Pylon  
Tags
 
Add a new tag
Caveats
  • Supply blocks, unpowered buildings, or Contaminate may cause inaccurate times.
  • Supply counts are checked every 10 seconds.